 Dungeon Crawl Stone Soup version 0.18-a0-455-gc7d4c65 (webtiles) character file.

4 4thArraOfDagon the Magician (level 1, -1/13 HPs)
             Began as a Halfling Wanderer on Dec 1, 2015.
             Slain by a crimson imp (3 damage)
             ... on level 2 of the Dungeon.
             The game lasted 00:01:16 (197 turns).

4thArraOfDagon the Magician (Halfling Wanderer)      Turns: 197, Time: 00:01:16

Health: -1/13      AC:  2    Str: 13    XL:     1   Next: 66%
Magic:  4/4        EV: 10    Int: 11    God:
Gold:   32         SH:  7    Dex: 12    Spells: 0 memorised, 6 levels left

rFire  . . .     SeeInvis .     e - +0 club
rCold  . . .     Clarity  .     d - +0 robe
rNeg   . . .     SustAt   .     a - +0 shield
rPois  .         Gourm    .     (no helmet)
rElec  .         Spirit   .     (no cloak)
rCorr  .         Dsmss    .     (no gloves)
rMut   .         Stasis   .     (no boots)
MR     .....                    (no amulet)
Stlth  +.........               (no ring)
                                (no ring)

@: not resistant to hostile enchantments, very unstealthy
A: mutation resistance 1
a: no special abilities


You were on level 2 of the Dungeon.
You were not hungry.

You visited 1 branch of the dungeon, and saw 3 of its levels.

You collected 32 gold pieces.

Inventory:

Hand Weapons
 e - a +0 club (weapon)
Armour
 a - a +0 shield (worn)
 d - a +0 robe (worn)
Scrolls
 g - a scroll of teleportation {unknown}
 i - a scroll of remove curse {unknown}
 j - a scroll of enchant armour {unknown}
Potions
 h - 2 potions of curing {unknown}
Books
 b - Sif Muna's Almanac of the Compass

   Spells                             Type                      Level
   a - Apportation                    Translocation                1
   b - Gell's Gravitas                Hexes/Translocation          3
 c - Beat's Incunabulum of Ignition

   Spells                             Type                      Level
   a - Flame Tongue                   Conjuration/Fire             1
   b - Inner Flame                    Hexes/Fire                   3
Comestibles
 f - a bread ration


   Skills:
 + Level 1.2 Fighting
 - Level 1.1 Throwing
 + Level 2.4 Armour
 - Level 1.1 Shields
 - Level 3.2 Spellcasting
   Level 1.0 Transmutations


You had 6 spell levels left.
You didn't know any spells.

Dungeon Overview and Level Annotations

Branches:
Dungeon (3/15)

Altars:
Yredelemnul

Annotations:
D:3 M4edhros's ghost, amateur OpAr


Innate Abilities, Weirdness & Mutations

You are small and have problems with some larger weapons.
You are somewhat resistant to further mutation.


Message History

You hit the crimson imp.
The crimson imp is lightly wounded.
The crimson imp hits you but does no damage.
You block the crimson imp's attack.
You closely miss the crimson imp. The crimson imp hits you.
You closely miss the crimson imp. The crimson imp barely misses you.
You barely miss the crimson imp. The crimson imp closely misses you.
The crimson imp barely misses you.
You hit the crimson imp but do no damage.
The crimson imp barely misses you.
Your shield prevents you from hitting the crimson imp.
The crimson imp hits you. The crimson imp closely misses you.
You hit the crimson imp.
The crimson imp is lightly wounded.
The crimson imp hits you.
You miss the crimson imp. You block the crimson imp's attack.
The crimson imp hits you.
* * * LOW HITPOINT WARNING * * *
You barely miss the crimson imp. The crimson imp hits you.
You die...

..# ... ..# #.#
..##.# ..#.#
...# ##..#
#<..## #.#5.#
...
...##@#####.#
..
#S#####>......#
.. ..
##..#######. ..
#..# #.. .
##.######.#
#.......#.#
#..#####...##
#...# ##...#
...## ##..####


You could see a crimson imp.

Vanquished Creatures
  A ball python (D:1)
  A giant cockroach (D:1)
  A kobold (D:1)
  A rat (D:1)
4 creatures vanquished.

Notes
Turn   | Place    | Note
--------------------------------------------------------------
     0 | D:1      | 4thArraOfDagon the Halfling Wanderer began the quest for the Orb.
     0 | D:1      | 4thArraOfDagon set off with: a +0 shield, Sif Muna's Almanac of the Compass, Beat's Incunabulum of Ignition, a +0 robe, a +0 club, a bread ration
     0 | D:1      | Reached XP level 1. HP: 13/13 MP: 4/4
     0 | D:1      | frodo the evangelist
     0 | D:1      | Identified Sif Muna's Almanac of the Compass
     0 | D:1      | Identified Beat's Incunabulum of Ignition
   139 | D:3      | Noticed a crimson imp
   144 | D:3      | Found a basalt altar of Yredelemnul.
   157 | D:3      | Noticed M4edhros's ghost (amateur OpAr)
   197 | D:2      | Slain by a crimson imp

Vault maps used:
D:1:      scummos_arrival_simple_fountains
D:2:      lemuel_coloured_pillars_altar, elyvilon_altar_1, uniq_robin,
          uniq_sigmund
D:3:      old_standard_altar, minivault_27

Action                   || total
-------------------------++-------
Melee: Club              ||    35
 Stab: Sleeping          ||     1
